 Dungeon Crawl Stone Soup version 0.28.0-47-ge53b351184 (webtiles) character file.

Game seed: 12866696626935610785

56 croobank the Covert (level 3, -4/35 HPs)
             Began as a Gnoll Delver on May 8, 2022.
             Slain by a worm (10 damage)
             ... on level 2 of the Dungeon.
             The game lasted 00:03:55 (604 turns).

croobank the Covert (Gnoll Delver)                   Turns: 604, Time: 00:03:56

Health: -4/35      AC:  4    Str: 13    XL:     3   Next: 95%
Magic:  4/4        EV: 13    Int:  9    God:
Gold:   58         SH:  0    Dex: 13    Spells: 4/4 levels left

rFire   . . .      SeeInvis .   m - +0 war axe
rCold   . . .      Faith    .   (no shield)
rNeg    . . .      Spirit   .   b - +0 leather armour
rPois   .          Reflect  .   (no helmet)
rElec   .          Harm     .   (no cloak)
rCorr   .          Rampage  .   f - +0 pair of gloves
Will    .....                   (no boots)
Stlth   ++++......              (no amulet)
HPRegen 0.11/turn               (no ring)
MPRegen 0.09/turn               (no ring)

@: mighty
A: fangs 1, strong nose, distributed training
a: no special abilities


You were on level 2 of the Dungeon.
You visited 1 branch of the dungeon, and saw 4 of its levels.

You collected 58 gold pieces.

Inventory:

Hand Weapons
 a - a +0 hand axe
 m - a +0 war axe (weapon)
 n - a +0 battleaxe
 p - a +2 vorpal mace
Missiles
 j - 8 stones (quivered)
 k - 11 bolts
 t - 19 arrows
Armour
 b - a +0 leather armour (worn)
 f - a +0 pair of gloves (worn)
 i - a +0 chain mail
 l - a +0 ring mail
Jewellery
 h - a ring of resist corrosion
Wands
 d - a wand of iceblast (5)
 g - a wand of digging (3)
Scrolls
 c - a scroll of fog
 e - a scroll of holy word {unknown}
 o - a scroll of vulnerability {unknown}
 q - a scroll of immolation {unknown}
 r - a scroll of silence {unknown}
 s - a scroll of teleportation {unknown}


   Skills:
 + Level 6.5 Fighting
 + Level 1.0 Short Blades
 + Level 1.0 Long Blades
 + Level 4.6 Axes
 + Level 1.0 Maces & Flails
 + Level 1.0 Polearms
 + Level 1.0 Staves
 + Level 1.0 Slings
 + Level 1.0 Bows
 + Level 1.0 Crossbows
 + Level 1.0 Throwing
 + Level 1.0 Armour
 + Level 4.6 Dodging
 + Level 9.6 Stealth
 + Level 1.0 Shields
 + Level 1.0 Unarmed Combat
 + Level 1.0 Spellcasting
 + Level 0.7 Conjurations
 + Level 0.7 Hexes
 + Level 0.7 Summonings
 + Level 0.7 Necromancy
 + Level 0.7 Translocations
 + Level 0.7 Transmutations
 + Level 0.7 Fire Magic
 + Level 0.7 Ice Magic
 + Level 0.7 Air Magic
 + Level 0.7 Earth Magic
 + Level 0.7 Poison Magic
 + Level 1.0 Invocations
 + Level 1.0 Evocations


You had 4 spell levels left.
You didn't know any spells.
Your spell library was empty.

Dungeon Overview and Level Annotations

Branches:
Dungeon (5/15)
 Temple: D:4-7

Altars:


Innate Abilities, Weirdness & Mutations

You have very sharp teeth.
Your uncanny sense of smell can sniff out nearby items.
Your experience applies equally to all skills.


Message History

A worm comes into view.
You see here 19 arrows.
t - 19 arrows You see here an orange potion.
u - an orange potion The worm bites you!
You hit the worm but do no damage. Your bite misses the worm.
The worm barely misses you.
You hit the worm.
The worm is lightly wounded.
The worm closely misses you.
You hit the worm. You bite the worm.
The worm is lightly wounded.
You hit the worm.
The worm is heavily wounded.
The worm bites you!
You hit the worm.
The worm is heavily wounded.
The worm bites you.
You hit the worm but do no damage.
The worm is heavily wounded.
The worm closely misses you.
You hit the worm.
The worm is severely wounded.
You barely miss the worm.
The worm is severely wounded.
The worm bites you!
* * * LOW HITPOINT WARNING * * *
You hit the worm.
The worm is almost dead.
The worm misses you.
It was a potion of might.
You feel very mighty all of a sudden.
You barely miss the worm.
The worm is severely wounded.
The worm completely misses you.
You slice the worm!!
You kill the worm!
The worm bites you!
You die...

.<.# .. )..#J..
###########.. ...#..# .
#........... ....J. ..
#.........# ....# .. #.#
#.........# .....
#.##..##.........#.#
#.##.###..#...............#
..##.........##.#...#
...............w@..####
###..####...........†.#
......................#
#####.................#
....................###
..$........####........
.......w....####.....#..
......^.................
............##..........


You could see a worm.

Vanquished Creatures
  Jessica (D:2)
  2 adders
  A worm (D:2)
  3 ball pythons
  An endoplasm (D:2)
  2 hobgoblins
  A frilled lizard (D:2)
11 creatures vanquished.

Notes
Turn   | Place    | Note
-------+----------+-------------------------------------------
     0 | D:5      | Reached skill level 9 in Stealth
     0 | D:5      | croobank the Gnoll Delver began the quest for the Orb.
     0 | D:5      | Reached XP level 1. HP: 23/23 MP: 1/1
     2 | D:5      | Noticed a scorpion
   194 | D:4      | Reached XP level 2. HP: 29/29 MP: 2/2
   323 | D:3      | Noticed a black bear
   378 | D:2      | Noticed Jessica
   382 | D:2      | Reached XP level 3. HP: 17/35 MP: 3/3
   388 | D:2      | Killed Jessica
   389 | D:2      | Reached skill level 1 in Short Blades
   389 | D:2      | Reached skill level 1 in Long Blades
   389 | D:2      | Reached skill level 1 in Maces & Flails
   389 | D:2      | Reached skill level 1 in Polearms
   389 | D:2      | Reached skill level 1 in Staves
   389 | D:2      | Reached skill level 1 in Slings
   389 | D:2      | Reached skill level 1 in Bows
   389 | D:2      | Reached skill level 1 in Crossbows
   389 | D:2      | Reached skill level 1 in Throwing
   389 | D:2      | Reached skill level 1 in Armour
   389 | D:2      | Reached skill level 1 in Shields
   389 | D:2      | Reached skill level 1 in Unarmed Combat
   389 | D:2      | Reached skill level 1 in Spellcasting
   389 | D:2      | Reached skill level 1 in Invocations
   389 | D:2      | Reached skill level 1 in Evocations
   604 | D:2      | Slain by a worm

Illustrated notes

Levels and vault maps discovered:
D:2:      layout_rooms, uniq_jessica
D:3:      minmay_roachtagon, layout_rooms
D:4:      layout_layer_cave, serial_shops,
          nicolae_shop_temple_entry_statues_fountains, nrook_campfire
D:5:      layout_rooms

Skill      XL: |  1  2  3 |
---------------+----------+-----
Stealth        | |  9.6
Short Blades   | 1 |  1.0
Long Blades    | 1 |  1.0
Maces & Flails | 1 |  1.0
Polearms       | 1 |  1.0
Staves         | 1 |  1.0
Slings         | 1 |  1.0
Bows           | 1 |  1.0
Crossbows      | 1 |  1.0
Throwing       | 1 |  1.0
Armour         | 1 |  1.0
Shields        | 1 |  1.0
Unarmed Combat | 1 |  1.0
Spellcasting   | 1 |  1.0
Invocations    | 1 |  1.0
Evocations     | 1 |  1.0
Fighting       | |  6.5
Axes           | |  4.6
Dodging        | |  4.6
Conjurations   | |  0.7
Hexes          | |  0.7
Summonings     | |  0.7
Necromancy     | |  0.7
Translocations | |  0.7
Transmutations | |  0.7
Fire Magic     | |  0.7
Ice Magic      | |  0.7
Air Magic      | |  0.7
Earth Magic    | |  0.7
Poison Magic   | |  0.7

Action                   || total
-------------------------++-------
Melee: Hand axe          ||     8
       Bite              ||     7
       War axe           ||    30
Evoke: Wand              ||     1
  Use: Scroll            ||     2
       Potion            ||     2
 Stab: Sleeping          ||     3
Armor: Leather armour    ||     3
Dodge: Dodged            ||    18
